 Dungeon Sprint DCSS version 0.23-a0-807-gd38242e (webtiles) character file.

11060 Lanoc the Blocker (level 11, -5/95 HPs)
             Began as a Gnoll Fighter on Jan 20, 2019.
             Was the Champion of Cheibriados.
             Killed by divine providence
             ... invoked by an orc priest
              (10 damage)
             ... in the Dungeon (Sprint IX: "|||||||||||||||||||||||||||||").
             The game lasted 00:06:23 (1899 turns).

Lanoc the Blocker (Gnoll Fighter)                   Turns: 1899, Time: 00:06:25

Health: -5/95      AC: 20    Str: 45    XL:     11   Next: 71%
Magic:  25/25      EV: 19    Int: 28    God:    Cheibriados [******]
Gold:   1650       SH: 17    Dex: 30    Spells: 31/31 levels left

rFire    . . .     SeeInvis .   v - +2 scimitar (flame)
rCold    . . .     Gourm    .   c - +0 shield
rNeg     . . .     Faith    .   E - +2 plate armour {MR+}
rPois    .         Spirit   .   q - +0 helmet
rElec    .         Reflect  .   (no cloak)
rCorr    .         Harm     .   a - +0 pair of gloves
MR       +....     NoTele   +   (no boots)
Stlth    +.........             (no amulet)
HPRegen  0.25/turn              b - +3 ring of intelligence
MPRegen  0.19/turn              u - +3 ring of strength

@: mighty, very slow
A: distributed training, fangs 1, strong nose
a: Bend Time, Temporal Distortion, Slouch, Step From Time, Renounce Religion


You were in the Dungeon.
You worshipped Cheibriados.
Cheibriados was exalted by your worship.
You were not hungry.

You visited 1 branch You collected 1650 gold pieces.

Inventory:

Hand Weapons
 l - a +5 halberd
 s - a +2 morningstar of crushing
 t - the +4 quarterstaff "Muceak" {crush, MR+}
   (You found it in the Dungeon)

   It inflicts extra damage upon your enemies.
   It affects your resistance to hostile enchantments.
 v - a +2 scimitar of flaming (weapon)
Armour
 a - a +0 pair of gloves (worn)
 c - a +0 shield (worn)
 q - a +0 helmet (worn)
 E - a +2 plate armour of magic resistance (worn)
Magical Staves
 p - an uncursed staff of energy
Jewellery
 b - a +3 ring of intelligence (left hand)
 u - a +3 ring of strength (right hand)
Wands
 o - a wand of iceblast (10)
 B - a wand of acid (7)
Scrolls
 k - 4 scrolls of blinking
 m - 3 scrolls of remove curse
 n - 2 scrolls of amnesia
 w - a scroll of fog
 x - 2 scrolls of enchant armour
 y - 2 scrolls of enchant weapon
 z - a scroll of identify
 D - 3 scrolls of immolation
Potions
 d - a potion of might
 e - 6 potions of curing
 g - 2 potions of heal wounds
 h - a potion of agility
 i - 4 potions of magic
 j - a potion of invisibility
 C - a potion of ambrosia
Comestibles
 f - 12 rations


   Skills:
 + Level 12.1 Fighting
 + Level 10.5 Short Blades
 + Level 11.3 Long Blades
 + Level 10.5 Axes
 + Level 10.5 Maces & Flails
 + Level 10.5 Polearms
 + Level 10.5 Staves
 + Level 10.5 Slings
 + Level 10.5 Bows
 + Level 10.5 Crossbows
 + Level 10.5 Throwing
 + Level 12.1 Armour
 + Level 10.5 Dodging
 + Level 10.5 Stealth
 + Level 12.1 Shields
 + Level 10.5 Unarmed Combat
 + Level 10.5 Spellcasting
 + Level 8.9 Conjurations
 + Level 8.9 Hexes
 + Level 8.9 Charms
 + Level 8.9 Summonings
 + Level 8.9 Necromancy
 + Level 8.9 Translocations
 + Level 8.9 Transmutations
 + Level 8.9 Fire Magic
 + Level 8.9 Ice Magic
 + Level 8.9 Air Magic
 + Level 8.9 Earth Magic
 + Level 8.9 Poison Magic
 + Level 11.3 Invocations
 + Level 10.5 Evocations


You had 31 spell levels left.
You didn't know any spells.
Your spell library was empty.

Dungeon Overview and Level Annotations

Branches:
Dungeon (1/1)

Altars:
Cheibriados
Dithmenos
Elyvilon
Fedhas
Gozag
Hepliaklqana
Kikubaaqudgha
Makhleb
Nemelex Xobeh
Okawaru
Qazlal
Ru
Sif Muna
Trog
Uskayaw
Vehumet
Wu Jian
Xom
Yredelemnul
Zin
The Shining One
Beogh
Jiyva
Lugonu

Shops:
D !!:[


Innate Abilities, Weirdness & Mutations

Your experience applies equally to all skills.
You have very sharp teeth.
Your uncanny sense of smell can sniff out nearby items.


Message History

Beogh smites you!
* * * LOW HITPOINT WARNING * * *
Found 50 gold pieces.
An orc high priest comes into view. It is wielding a +0 trident.
The orc high priest shouts!
The orc priest mumbles some strange prayers to Beogh against you.
Beogh smites you!
* * * LOW HITPOINT WARNING * * *
The orc priest hits you but does no damage.
There is an entrance to Louppo Docru's Book Shop here.
An orc priest comes into view. It is wielding a +0 falchion.
The orc priest shouts!
The orc high priest utters an invocation to Beogh.
You block the orc priest's attack.
The orc priest calls down the wrath of Beogh upon you.
Beogh smites you!
* * * LOW HITPOINT WARNING * * *
The orc priest mumbles some strange prayers to Beogh against you.
Beogh smites you!
You die...

∆▓.▓[▓.▓(▓
▓.▓.▓.▓.▓.▓
▓o▓.▓.▓.▓.▓
▓o▓.▓'▓.▓.▓
▓o▓.▓.▓.▓.▓
▓4▓.▓.▓.▓)▓
▓o▓.▓.▓.▓)▓
▓o▓.▓.▓.▓.▓
▓@▓.▓.▓.▓.▓
▓∩▓.▓.▓.▓[▓
▓.▓.▓.▓.▓.▓
▓∩▓.▓.▓.▓.▓
▓)▓.▓.▓.▓)▓
▓)▓.▓.▓.▓.▓
▓.▓.▓.▓.▓.▓
▓)▓.▓†▓.▓.▓
∆
▓)▓.▓'▓.▓'▓


You could see 2 orc high priests, a chaos spawn and 3 orc priests.

Vanquished Creatures
  An ettin (D)
  Erolcha (D)
  A hydra (D)
  3 orc high priests (D)
  2 orc knights (D)
  An orc sorcerer (D)
  An elephant (D)
  2 spiny frogs (D)
  A rime drake (D)
  A komodo dragon (D)
  3 tyrant leeches (D)
  2 blink frogs (D)
  3 yaks (D)
  A vampire mosquito (D)
  A porcupine (D)
  6 water moccasins (D)
  9 orc warriors (D)
  A sky beast (D)
  A black bear (D)
  An eye of draining (D)
  2 ogres (D)
  A centaur (D)
  3 crocodiles (D)
  3 bullfrogs (D)
  A howler monkey (D)
  6 orc priests (D)
  6 orc wizards (D)
  An iguana (D)
  A worker ant (D)
  An ooze (D)
  An adder zombie (D)
  A leopard gecko (D)
  8 orcs (D)
  2 bats (D)
  A frilled lizard (D)
  A jackal skeleton (D)
  A kobold (D)
82 creatures vanquished.

Notes
Turn   | Place    | Note
-------+----------+-------------------------------------------
     0 | D        | Lanoc the Gnoll Fighter began the quest for the Orb.
     0 | D        | Reached XP level 1. HP: 23/23 MP: 1/1
     4 | D        | Reached skill level 1 in Invocations
     7 | D        | Reached skill level 1 in Short Blades
     7 | D        | Reached skill level 1 in Axes
     7 | D        | Reached skill level 1 in Maces & Flails
     7 | D        | Reached skill level 1 in Polearms
     7 | D        | Reached skill level 1 in Staves
     7 | D        | Reached skill level 1 in Slings
     7 | D        | Reached skill level 1 in Bows
     7 | D        | Reached skill level 1 in Crossbows
     7 | D        | Reached skill level 1 in Throwing
     7 | D        | Reached skill level 1 in Dodging
     7 | D        | Reached skill level 1 in Stealth
     7 | D        | Reached skill level 1 in Unarmed Combat
     7 | D        | Reached skill level 1 in Spellcasting
     7 | D        | Reached skill level 1 in Evocations
     9 | D        | Reached XP level 2. HP: 28/29 MP: 1/3
    28 | D        | Noticed an ogre
    28 | D        | Noticed a howler monkey
    33 | D        | Reached skill level 1 in Conjurations
    33 | D        | Reached skill level 1 in Hexes
    33 | D        | Reached skill level 1 in Charms
    33 | D        | Reached skill level 1 in Summonings
    33 | D        | Reached skill level 1 in Necromancy
    33 | D        | Reached skill level 1 in Translocations
    33 | D        | Reached skill level 1 in Transmutations
    33 | D        | Reached skill level 1 in Fire Magic
    33 | D        | Reached skill level 1 in Ice Magic
    33 | D        | Reached skill level 1 in Air Magic
    33 | D        | Reached skill level 1 in Earth Magic
    33 | D        | Reached skill level 1 in Poison Magic
    37 | D        | Killed a howler monkey
    37 | D        | Reached skill level 5 in Long Blades
    37 | D        | Reached XP level 3. HP: 14/35 MP: 3/6
    48 | D        | Reached XP level 4. HP: 16/43 MP: 3/7
    52 | D        | Killed an ogre
    52 | D        | Reached XP level 5. HP: 12/48 MP: 4/10
    63 | D        | Found a roughly hewn altar of Beogh.
    63 | D        | Found a snail-covered altar of Cheibriados.
    63 | D        | Found a shadowy altar of Dithmenos.
    63 | D        | Found a white marble altar of Elyvilon.
    63 | D        | Found a blossoming altar of Fedhas.
    63 | D        | Found an opulent altar of Gozag.
    64 | D        | Found a hazy altar of Hepliaklqana.
    65 | D        | Found a viscous altar of Jiyva.
    66 | D        | Found an ancient bone altar of Kikubaaqudgha.
    67 | D        | Found a corrupted altar of Lugonu.
    68 | D        | Found a burning altar of Makhleb.
    69 | D        | Found a sparkling altar of Nemelex Xobeh.
    70 | D        | Found an iron altar of Okawaru.
    71 | D        | Found a stormy altar of Qazlal.
    72 | D        | Found a sacrificial altar of Ru.
    73 | D        | Found a deep blue altar of Sif Muna.
    74 | D        | Found a bloodstained altar of Trog.
    75 | D        | Found a hide-covered altar of Uskayaw.
    76 | D        | Found a radiant altar of Vehumet.
    77 | D        | Found an ornate altar of the Wu Jian Council.
    78 | D        | Found a shimmering altar of Xom.
    79 | D        | Found a basalt altar of Yredelemnul.
    93 | D        | Became a worshipper of Cheibriados the Contemplative
   107 | D        | Found a glowing silver altar of Zin.
   108 | D        | Found a glowing golden altar of the Shining One.
   126 | D        | Got the +4 quarterstaff "Muceak" {crush, MR+}
   252 | D        | Noticed a yak
   256 | D        | Reached * piety under Cheibriados
   270 | D        | Killed a yak
   270 | D        | Reached skill level 5 in Invocations
   270 | D        | Reached XP level 6. HP: 18/56 MP: 10/12
   271 | D        | Reached ** piety under Cheibriados
   477 | D        | Noticed a black bear
   477 | D        | Noticed an eye of draining
   477 | D        | Noticed a sky beast
   480 | D        | Reached *** piety under Cheibriados
   480 | D        | Reached skill level 5 in Short Blades
   480 | D        | Reached skill level 5 in Axes
   480 | D        | Reached skill level 5 in Maces & Flails
   480 | D        | Reached skill level 5 in Polearms
   480 | D        | Reached skill level 5 in Staves
   480 | D        | Reached skill level 5 in Slings
   480 | D        | Reached skill level 5 in Bows
   480 | D        | Reached skill level 5 in Crossbows
   480 | D        | Reached skill level 5 in Throwing
   480 | D        | Reached skill level 5 in Dodging
   480 | D        | Reached skill level 5 in Stealth
   480 | D        | Reached skill level 5 in Unarmed Combat
   480 | D        | Reached skill level 5 in Spellcasting
   480 | D        | Reached skill level 5 in Evocations
   480 | D        | Reached XP level 7. HP: 63/63 MP: 14/14
   493 | D        | Reached **** piety under Cheibriados
   500 | D        | Reached XP level 8. HP: 53/71 MP: 0/17
   682 | D        | Noticed a yak
   682 | D        | Noticed a four-headed hydra
   682 | D        | Noticed a yak
   683 | D        | Noticed a komodo dragon
   686 | D        | Reached skill level 5 in Conjurations
   686 | D        | Reached skill level 5 in Hexes
   686 | D        | Reached skill level 5 in Charms
   686 | D        | Reached skill level 5 in Summonings
   686 | D        | Reached skill level 5 in Necromancy
   686 | D        | Reached skill level 5 in Translocations
   686 | D        | Reached skill level 5 in Transmutations
   686 | D        | Reached skill level 5 in Fire Magic
   686 | D        | Reached skill level 5 in Ice Magic
   686 | D        | Reached skill level 5 in Air Magic
   686 | D        | Reached skill level 5 in Earth Magic
   686 | D        | Reached skill level 5 in Poison Magic
   691 | D        | Killed a one-headed hydra
   691 | D        | Reached ***** piety under Cheibriados
   692 | D        | Noticed an elephant
   697 | D        | Reached XP level 9. HP: 72/78 MP: 19/19
   713 | D        | Killed a komodo dragon
   713 | D        | Reached skill level 10 in Fighting
   713 | D        | Reached skill level 10 in Armour
   713 | D        | Reached skill level 10 in Shields
   721 | D        | Killed an elephant
   723 | D        | Reached ****** piety under Cheibriados
   850 | D        | Noticed a rime drake
   861 | D        | Killed a rime drake
   861 | D        | Reached XP level 10. HP: 67/86 MP: 20/22
   964 | D        | Noticed a spiny frog
   964 | D        | Noticed a spiny frog
   985 | D        | Killed a spiny frog
   989 | D        | Killed a spiny frog
   989 | D        | Reached skill level 10 in Long Blades
  1355 | D        | Noticed Erolcha
  1369 | D        | Killed Erolcha
  1369 | D        | Reached skill level 10 in Invocations
  1405 | D        | Noticed an ettin
  1408 | D        | Noticed an orc knight
  1417 | D        | Killed an ettin
  1417 | D        | Reached XP level 11. HP: 73/93 MP: 24/24
  1427 | D        | Killed an orc knight
  1588 | D        | Noticed an orc knight
  1593 | D        | Noticed an orc sorcerer
  1609 | D        | Killed an orc knight
  1609 | D        | Reached skill level 10 in Short Blades
  1609 | D        | Reached skill level 10 in Axes
  1609 | D        | Reached skill level 10 in Maces & Flails
  1609 | D        | Reached skill level 10 in Polearms
  1609 | D        | Reached skill level 10 in Staves
  1609 | D        | Reached skill level 10 in Slings
  1609 | D        | Reached skill level 10 in Bows
  1609 | D        | Reached skill level 10 in Crossbows
  1609 | D        | Reached skill level 10 in Throwing
  1609 | D        | Reached skill level 10 in Dodging
  1609 | D        | Reached skill level 10 in Stealth
  1609 | D        | Reached skill level 10 in Unarmed Combat
  1609 | D        | Reached skill level 10 in Spellcasting
  1609 | D        | Reached skill level 10 in Evocations
  1614 | D        | Noticed a sun demon
  1618 | D        | Killed an orc sorcerer
  1842 | D        | Found Nebiunax's Antique Armour Boutique.
  1842 | D        | Noticed an orc high priest
  1843 | D        | Noticed an orc high priest
  1847 | D        | Killed an orc high priest
  1849 | D        | Noticed an orc high priest
  1851 | D        | Found Louppo Docru's Book Shop.
  1852 | D        | Noticed a sixfirhy
  1855 | D        | Killed an orc high priest
  1863 | D        | Found Ykix Heg's Distillery.
  1877 | D        | Killed an orc high priest
  1880 | D        | Found Cigumeto's Distillery.
  1897 | D        | Noticed an orc high priest
  1898 | D        | Noticed an orc high priest
  1899 | D        | Killed from afar by an orc priest

Vault maps used:
D:        linesprint

Skill      XL: |  1  2  3  4  5  6  7  8  9 10 11 |
---------------+----------------------------------+-----
Invocations    | 1 2 3 5 6 7 9 10 11 | 11.3
Short Blades   | 1 2 3 4 5 6 7 8 9 10 | 10.5
Axes           | 1 2 3 4 5 6 7 8 9 10 | 10.5
Maces & Flails | 1 2 3 4 5 6 7 8 9 10 | 10.5
Polearms       | 1 2 3 4 5 6 7 8 9 10 | 10.5
Staves         | 1 2 3 4 5 6 7 8 9 10 | 10.5
Slings         | 1 2 3 4 5 6 7 8 9 10 | 10.5
Bows           | 1 2 3 4 5 6 7 8 9 10 | 10.5
Crossbows      | 1 2 3 4 5 6 7 8 9 10 | 10.5
Throwing       | 1 2 3 4 5 6 7 8 9 10 | 10.5
Dodging        | 1 2 3 4 5 6 7 8 9 10 | 10.5
Stealth        | 1 2 3 4 5 6 7 8 9 10 | 10.5
Unarmed Combat | 1 2 3 4 5 6 7 8 9 10 | 10.5
Spellcasting   | 1 2 3 4 5 6 7 8 9 10 | 10.5
Evocations     | 1 2 3 4 5 6 7 8 9 10 | 10.5
Conjurations   | 1 2 3 4 5 6 8 |  8.9
Hexes          | 1 2 3 4 5 6 8 |  8.9
Charms         | 1 2 3 4 5 6 8 |  8.9
Summonings     | 1 2 3 4 5 6 8 |  8.9
Necromancy     | 1 2 3 4 5 6 8 |  8.9
Translocations | 1 2 3 4 5 6 8 |  8.9
Transmutations | 1 2 3 4 5 6 8 |  8.9
Fire Magic     | 1 2 3 4 5 6 8 |  8.9
Ice Magic      | 1 2 3 4 5 6 8 |  8.9
Air Magic      | 1 2 3 4 5 6 8 |  8.9
Earth Magic    | 1 2 3 4 5 6 8 |  8.9
Poison Magic   | 1 2 3 4 5 6 8 |  8.9
Long Blades    | 5 6 7 8 9 10 11 | 11.3
Fighting       | 7 8 9 10 11 12 | 12.1
Armour         | 7 8 9 10 11 12 | 12.1
Shields        | 7 8 9 10 11 12 | 12.1

Action                   |  1- 3 |  4- 6 |  7- 9 | 10-12 || total
-------------------------+-------+-------+-------+-------++-------
Melee: Long sword        |    25 |     4 |       |       ||    29
       Bite              |     4 |     7 |    20 |    41 ||    72
       Scimitar          |       |    22 |    69 |   168 ||   259
  Use: Potion            |     1 |       |       |     4 ||     5
 Stab: Sleeping          |       |       |     1 |     1 ||     2
  Eat: Chunk             |       |       |       |     1 ||     1
Armor: Scale mail        |     2 |     3 |    10 |     8 ||    23
       Plate armour      |       |       |       |     5 ||     5
Dodge: Dodged            |     4 |    10 |    25 |    45 ||    84
Block: Shield            |    16 |     8 |    34 |    95 ||   153
       Rpst.: Long sword |     2 |     1 |       |       ||     3
       Scimitar          |       |     4 |     9 |    11 ||    24

Table legend:
 A = Non-vault XP
 B = Vault XP
 C = Vault XP percentage of total XP
 D = Non-vault monster count
 E = Vault monster count
 F = Vault count percentage of total count
                 A         B        C        D         E       F
            +---------+---------+-------+---------+---------+-------
      Total |       0 |   15801 | 100.0 |       0 |      82 | 100.0
            +---------+---------+-------+---------+---------+-------
          D |       0 |   15801 | 100.0 |       0 |      82 | 100.0
            +---------+---------+-------+---------+---------+-------
